 Dungeon Crawl Stone Soup version 0.28-a0-691-gad6df49e81 (webtiles) character file.

Game seed: 13017587831099926762

123 Antediluvian the Skirmisher (level 5, -10/40 (42) HPs)
             Began as a Formicid Abyssal Knight on Oct 21, 2021.
             Was a Follower of Lugonu.
             Mangled by a crimson imp (16 damage)
             ... on level 2 of the Dungeon.
             The game lasted 00:06:42 (3746 turns).

Antediluvian the Skirmisher (FoAK)                  Turns: 3746, Time: 00:06:43

HP:   -10/40 (42)   AC:  8    Str: 19    XL:     5   Next: 28%
MP:   7/7           EV:  9    Int:  9    God:    Lugonu [*.....]
Gold: 90            SH:  0    Dex: 11    Spells: 4/4 levels left

rFire   . . .      SeeInvis +   a - +1 falchion
rCold   . . .      Faith    .   (no shield)
rNeg    . . .      Spirit   .   h - +0 scale mail
rPois   .          Reflect  .   (helmet unavailable)
rElec   .          Harm     .   (no cloak)
rCorr   .          Rampage  .   d - +0 pair of gloves
Will    .....                   (no boots)
Stlth   ..........              (no amulet)
HPRegen 0.13/turn               (no ring)
MPRegen 0.10/turn               (no ring)

@: very slightly contaminated, lightly drained
A: permanent stasis, dig shafts and tunnels, antennae 3, four strong arms
a: Dig, Shaft Self, Renounce Religion, Depart the Abyss


You were on level 2 of the Dungeon.
You worshipped Lugonu.
Lugonu was aware of your devotion.
You visited 1 branch of the dungeon, and saw 3 of its levels.
You visited the Abyss 1 time.

You collected 90 gold pieces.

Inventory:

Hand Weapons
 a - a +1 falchion (weapon)
Armour
 b - a +0 leather armour
 d - a +0 pair of gloves (worn)
 g - a +0 ring mail
 h - a +0 scale mail (worn)
Wands
 l - a wand of mindburst (14)
Scrolls
 c - 4 scrolls of identify {unknown}
 e - a scroll of amnesia {unknown}
 f - 4 scrolls of enchant weapon {unknown}
 k - a scroll of vulnerability {unknown}
 m - a scroll of magic mapping {unknown}
 n - 3 scrolls of holy word {unknown}
 o - a scroll of teleportation {unknown}
 p - a scroll of immolation {unknown}
Potions
 i - 2 potions of mutation {unknown}
 j - a potion of cancellation {unknown}


   Skills:
 + Level 4.1 Fighting
 + Level 3.0 Long Blades
 + Level 3.3 Armour
 - Level 0.8 Dodging
 + Level 3.5 Invocations


You had 4 spell levels left.
You didn't know any spells.
Your spell library was empty.

Dungeon Overview and Level Annotations

Branches:
Dungeon (3/15)

Altars:
Makhleb
Xom

Shops:
D:2 *


Innate Abilities, Weirdness & Mutations

You cannot be hasted, slowed, berserked, paralysed or teleported.
You can dig through walls and to a lower floor.
You have a pair of large antennae on your head. (SInv)
Your four strong arms can wield two-handed weapons with a shield.


Message History

You hit the crimson imp.
The crimson imp is lightly wounded.
The crimson imp blinks!
You are lightly contaminated with residual magic.
You flicker for a moment.
The crimson imp hits you but does no damage.
You are poisoned.
You strike the helpless crimson imp from behind!
You hit the crimson imp.
The crimson imp is lightly wounded.
You feel very sick. The crimson imp misses you.
You barely miss the crimson imp.
You feel sick.
The crimson imp blinks!
You feel sick.
You feel sick.
You feel sick.
You flicker back into view.
You feel sick.
The crimson imp blinks!
You feel sick.
You feel sick.
You are no longer poisoned.
A crimson imp is nearby!
You barely miss the crimson imp.
The crimson imp hits you but does no damage.
The crimson imp hits you with a +1 dagger of chaos.
* * * LOW HITPOINT WARNING * * *
You closely miss the crimson imp.
The crimson imp hits you with a +1 dagger of chaos.
* * * LOW HITPOINT WARNING * * *
The crimson imp freezes you.
* * * LOW HITPOINT WARNING * * *
You barely miss the crimson imp. The crimson imp completely misses you.
You slash the crimson imp!
The crimson imp is heavily wounded.
The crimson imp barely misses you.
You miss the crimson imp.
The crimson imp is heavily wounded.
The crimson imp hits you but does no damage.
You are electrocuted!
You die...

#.##......# ##.# #.# #.##......#
#.# ##†## #.##......# #.# ##...##
#.........# #.# ##.....##
###.##.#### ##.## ##....<..#
###...#>#########...####.........
.......................+.........
###...#.#########5..####.........
##....# #^...@....# ##.......#
#.#### #.#####.#.# ##.....## #.#
#.# ##....# ##.(.## #.# #.#
#..#..# ##+## #.# #.# #.....# #.#
####.# #.###.###.# #.#### .....#
#.........# ##[.... ######
#####.##### ##...### #.#
####.....##


You could see a crimson imp.

Vanquished Creatures
  A crimson imp (D:3)
  An orc wizard (D:3)
  A worm (D:2)
  2 dart slugs
  4 orcs (D:3)
  6 ball pythons
  9 endoplasms
  3 giant cockroaches
  5 goblins
  A hobgoblin (D:1)
  3 quokkas
  4 bats
  2 frilled lizards
  4 kobolds
  3 rats
49 creatures vanquished.

Notes
Turn   | Place    | Note
-------+----------+-------------------------------------------
     0 | Abyss:1  | Antediluvian the Formicid Abyssal Knight began the quest
                  | for the Orb.
     0 | Abyss:1  | Reached XP level 1. HP: 18/18 MP: 2/2
    59 | Abyss:1  | Noticed a tentacled starspawn
    76 | D:1      | Escaped the Abyss
   697 | D:1      | Reached XP level 2. HP: 12/24 MP: 3/3
   899 | D:1      | Reached * piety under Lugonu
  1136 | D:1      | Found a faded altar of an unknown god.
  1177 | D:1      | Reached XP level 3. HP: 29/29 MP: 3/5
  2249 | D:2      | Found Anyz Dulosto's Assorted Antiques.
  2780 | D:3      | Reached XP level 4. HP: 32/37 MP: 6/6
  2801 | D:3      | Reached skill level 4 in Fighting
  3013 | D:3      | Found a burning altar of Makhleb.
  3359 | D:3      | Found a shimmering altar of Xom.
  3391 | D:3      | Reached XP level 5. HP: 13/42 MP: 7/7
  3396 | D:3      | HP: 1/41 [crimson imp (3)]
  3746 | D:2      | Mangled by a crimson imp

Illustrated notes

Levels and vault maps discovered:
D:1:      dpeg_arrival_tiny_a, layout_basic, serial_rivers,
          chequers_serial_rivers_micro_d, chequers_serial_rivers_small_b,
          chequers_serial_rivers_marsh, chequers_serial_rivers_room_a,
          chequers_serial_rivers_micro_c, ebering_ecumenical_altar_webs
D:2:      layout_loops_corners, serial_shops, shop
D:3:      layout_loops_ring, led_xom_imps, bloody_makhleb

Skill      XL: |  1  2  3  4 |
---------------+-------------+-----
Armour         | 3 |  3.3
Invocations    | 3 |  3.5
Fighting       | 4 |  4.1
Long Blades    | 3 |  3.0
Dodging        | |  0.8

Action                   |  1- 3 |  4- 6 || total
-------------------------+-------+-------++-------
Melee: Falchion          |   108 |    88 ||   196
Invok: Depart the Abyss  |     1 |       ||     1
 Abil: Dig               |       |     1 ||     1
 Stab: Invisible         |       |     4 ||     4
Armor: Leather armour    |    17 |       ||    17
       Ring mail         |    16 |       ||    16
       Scale mail        |     2 |    36 ||    38
Dodge: Dodged            |    43 |    35 ||    78

Table legend: (Time is in decaauts)
 A = Elapsed time spent in this place.
 B = Non-inter-level travel time spent in this place.
 C = Inter-level travel time spent in this place.
 D = Time resting spent in this place.
 E = Time spent auto-exploring this place.
 F = Levels seen in this place.
 G = Mean time per level.
                   A        B        C        D        E       F      G
               +--------+--------+--------+--------+--------+-----+--------+
         Total |   3786 |   3702 |     84 |      0 |   3055 |   4 |  946.5 |
       Dungeon |   3710 |   3626 |     84 |      0 |   2997 |   3 | 1236.7 |
         Abyss |     76 |     76 |      0 |      0 |     58 |   1 |   76.0 |
               +--------+--------+--------+--------+--------+-----+--------+

Top non-repeatable levels by time:
     D:1: 1611 daAuts
     D:2: 1343 daAuts
     D:3: 755 daAuts
 Abyss:1: 76 daAuts
